AoeStats
← saschauli

Lombardia

509039087Analyzed
3v3 RM · 8d ago on Sep 25, 2026· 47m 0s· 6 players
Game mode
Random Map
Map size
Normal (6 player)
Population
200
Speed
Normal
Resources
Standard
Victory
Conquest
Starting age
Dark Age
Ending age
Imperial Age
RankedLock teamsTeams togetherTeam positionsShared explorationLock speedFull tech treeHidden civsTurbo modeCheats
Victory
Defeat
🇦🇷 Mongols · Argentina
1028
+15
🇭🇰 Celts · Hong Kong SAR China
1024
+16
🇲🇽 Burgundians · Mexico
970
+18
🇹🇼 Saxons · Taiwan
1056
-49
🇺🇸 Berbers · United States
1015
-16
🇩🇪 Celts · Germany
972
-15
saschauli
11:03 Feudal Age
11:34 Loom
12:39 Horse Collar
18:06 Castle Age
16:26 Double-Bit Axe
17:09 Stone Mining
17:55 Gold Mining
18:52 Forging
19:48 Bow Saw
21:03 Heavy Plow
25:31 Stone Shaft Mining
26:48 Iron Casting
26:15 Scale Mail Armor
28:33 Chain Mail Armor
34:26 Imperial Age
34:04 Fletching
36:50 Blast Furnace
37:29 Plate Mail Armor
39:34 Conscription
38:56 Elite Woad Raider
41:44 Wheelbarrow
40:49 Pikeman
43:17 Gold Shaft Mining
43:13 Hand Cart
43:03 Bodkin Arrow
43:28 Halberdier
whoooops
1:14 Loom
11:27 Feudal Age
12:46 Horse Collar
13:36 Double-Bit Axe
18:30 Forging
25:21 Bloodlines
36:20 Castle Age
38:23 Scale Mail Armor
steffens-spieleadresse
3:25 Loom
11:47 Feudal Age
16:45 Castle Age
15:06 Double-Bit Axe
18:17 Stone Mining
18:41 Bow Saw
32:54 Fletching
33:05 Padded Archer Armor
33:10 Scale Barding Armor
33:16 Forging
35:43 Husbandry
35:53 Bloodlines
37:24 Pikeman
40:47 Gold Mining
42:39 Wheelbarrow
44:42 Imperial Age
43:29 Bodkin Arrow
43:50 Leather Archer Armor
43:35 Scale Mail Armor
43:46 Forging
44:57 Cavalier
45:51 Heavy Camel Rider
dfernandojd
6:27 Wheelbarrow
12:12 Double-Bit Axe
14:48 Feudal Age
16:02 Hand Cart
16:00 Bow Saw
15:33 Horse Collar
15:43 Arson
22:42 Forging
23:49 Heavy Plow
25:30 Scale Mail Armor
28:32 Castle Age
26:29 Gold Mining
27:47 Scale Barding Armor
29:23 Squires
29:53 Chain Mail Armor
30:21 Crop Rotation
30:54 Two-Man Saw
30:29 Husbandry
33:36 Iron Casting
33:10 Cavalier
36:23 Gold Shaft Mining
39:32 Chain Barding Armor
43:03 Imperial Age
41:39 Fervor
43:10 Ballistics
43:01 Masonry
42:32 Treadmill Crane
43:15 Paladin
45:17 Blast Furnace
47:33 Plate Barding Armor
47:30 Plate Mail Armor
brain888hk
7:41 Loom
10:14 Feudal Age
11:06 Double-Bit Axe
11:05 Horse Collar
13:40 Wheelbarrow
21:41 Castle Age
19:43 Gold Mining
19:48 Stone Mining
19:53 Arson
19:28 Man-at-Arms
22:28 Scale Mail Armor
22:38 Forging
22:38 Long Swordsman
23:03 Gambesons
25:55 Pikeman
33:45 Chain Mail Armor
34:06 Iron Casting
40:28 Imperial Age
38:14 Hand Cart
37:44 Town Watch
38:19 Hand Cart
37:49 Town Watch
40:24 Iron Casting
39:55 Heavy Plow
39:57 Caravan
41:13 Town Patrol
41:21 Two-Handed Swordsman
41:38 Capped Ram
42:56 Siege Ram
44:17 Furor Celtica
44:28 Conscription
43:46 Champion
46:40 Halberdier
tony halcon
2:02 Loom
11:54 Feudal Age
12:52 Double-Bit Axe
13:24 Horse Collar
15:59 Castle Age
14:56 Stone Mining
14:56 Gold Mining
17:41 Bow Saw
19:35 Fletching
22:18 Padded Archer Armor
23:17 Bodkin Arrow
23:37 Leather Archer Armor
24:05 Wheelbarrow
24:55 Leather Archer Armor
25:54 Thumb Ring
26:10 Heavy Plow
26:44 Hand Cart
26:16 Town Watch
27:41 Fortified Wall
30:27 Ballistics
30:17 Masonry
33:52 Imperial Age
32:11 Masonry
32:54 Stone Shaft Mining
32:54 Gold Shaft Mining
32:31 Nomads
33:59 Elite Mangudai
34:49 Bracer
38:28 Chemistry
37:33 Siege Engineers
39:22 Caravan
40:52 Hoardings
41:54 Parthian Tactics
42:38 Town Patrol
45:07 Murder Holes
46:45 Conscription
Connection lost

Rejoining the realm…

Still unreachable

The connection could not be restored.

Session expired

The server has moved on; the page needs a fresh start.